 Dungeon Crawl Stone Soup version 0.31.0-11-ge490571c62 (webtiles) character file.

Game seed: 10214308553021168508

308 Buffagor the Insei (level 6, -11/64 HPs)
             Began as a Merfolk Shapeshifter on Feb 10, 2024.
             Mangled by Duvessa
             ... wielding a +2 short sword of electrocution
              (19 damage)
             ... on level 4 of the Dungeon.
             The game lasted 00:07:43 (3157 turns).

Buffagor the Insei (Merfolk Shapeshifter)           Turns: 3157, Time: 00:07:43

Health: -11/64     AC: 23    Str: 15    XL:     6   Next: 40%
Magic:  0/6        EV:  2    Int:  9    God:
Gold:   198        SH:  0    Dex: 15    Spells: 5/5 levels left

rFire   . .          .
                       - Unarmed
rCold   . . .        (no shield)
rNeg    . . .        a - melded +0 animal skin
rPois   +            (helmet currently unavailable)
rElec   .            g - melded scarf {harm}
rCorr   .            (gloves currently unavailable)
SInv    .            (boots currently unavailable)
Will    +....        m - amulet of guardian spirit
Stlth   +            k - ring of willpower
HPRegen 0.30/turn    (no ring)
MPRegen 0.10/turn

%: guardian spirit
@: tree-form
A: stationary, stasis, torment immunity, boosted hp, (nimble swimmer 2),
(mertail)
a: no special abilities


You were on level 4 of the Dungeon.
You were a tree.
You visited 2 branches of the dungeon, and saw 5 of its levels.

You collected 198 gold pieces.

Inventory:

Hand Weapons
 b - a +0 sling
Missiles
 n - 4 large rocks
 u - 28 stones (quivered)
 y - 2 poisoned darts
 B - 5 darts of dispersal
 E - 4 javelins
Armour
 a - a +0 animal skin (melded)
 g - a scarf of harm (melded)
 s - a +0 cloak
 C - a +2 pair of gloves
 D - a +0 helmet
Jewellery
 k - a ring of willpower (left branch)
 l - a ring of fire
 m - an amulet of guardian spirit (around neck)
Talismans
 c - a beast talisman (active)
 d - a flux talisman
Wands
 t - a wand of mindburst (13)
Scrolls
 e - a scroll of blinking {unknown}
 h - 3 scrolls of teleportation {unknown}
 i - a scroll of enchant armour {unknown}
 j - a scroll of silence {unknown}
 q - a scroll of fear {unknown}
 x - a scroll of poison {unknown}
 z - a scroll of identify
Potions
 f - a potion of attraction
 o - 2 potions of mutation
 p - 3 potions of enlightenment {unknown}
 v - a potion of heal wounds {unknown}
 w - 2 potions of curing {unknown}
 A - a potion of resistance {unknown}


   Skills:
 - Level 1.1 Fighting
 - Level 2.6 Dodging
 * Level 6.5 Unarmed Combat
 + Level 5.9 Shapeshifting


You had 5 spell levels left.
You didn't know any spells.
Your spell library was empty.

Dungeon Overview and Level Annotations

Branches:
Dungeon (4/15)             Temple (1/1) D:4

Altars:
Dithmenos
Hepliaklqana
Kikubaaqudgha
Nemelex Xobeh
Okawaru
Qazlal
Uskayaw
Wu Jian
Xom
Zin

Annotations:
D:4 Duvessa


Innate Abilities, Weirdness & Mutations

You are a tree.
Your roots penetrate the ground, keeping you stationary.
You cannot be teleported.
You are immune to unholy pain and torment.
Your maximum health is greatly increased.
Your equipment is partially melded.
((You are very nimble when in or above water. (Stealth+, EV+, Speed+++)))
((Your lower body shifts to a powerful aquatic tail in water.))


Message History

You smack Dowan!
You kill Dowan!
Duvessa screams, "No!
How DARE you!"
Duvessa goes berserk!
Duvessa hits you but does no damage.
Duvessa hits you with a +2 short sword of electrocution.
You smack Duvessa!
Duvessa is moderately wounded.
Duvessa hits you but does no damage.
You smack Duvessa!
Duvessa is heavily wounded.
Duvessa hits you with a +2 short sword of electrocution.
You hit Duvessa but do no damage.
Duvessa is heavily wounded.
Duvessa hits you with a +2 short sword of electrocution!
Duvessa hits you but does no damage.
You closely miss Duvessa.
Duvessa is heavily wounded.
Duvessa hits you but does no damage.
You barely miss Duvessa.
Duvessa is heavily wounded.
Duvessa hits you but does no damage.
You barely miss Duvessa.
Duvessa is heavily wounded.
Duvessa hits you with a +2 short sword of electrocution.
Duvessa hits you but does no damage.
You barely miss Duvessa.
Duvessa is heavily wounded.
Duvessa hits you with a +2 short sword of electrocution.
You are electrocuted!
* * * LOW HITPOINT WARNING * * *
You hit Duvessa.
Duvessa is heavily wounded.
Duvessa hits you with a +2 short sword of electrocution!
* * * LOW HITPOINT WARNING * * *
You smack Duvessa!
Duvessa is severely wounded.
Duvessa hits you with a +2 short sword of electrocution.
* * * LOW HITPOINT WARNING * * *
You are electrocuted!!
You die...

#.# ##.# #..# ####
#### ##.. ###
..###.##.# #..
#[e...##.# ###
#♣)# #.# ### #..#
#.# #.# #..# #.#
#.# #..# #.#
#.#####
#..#####.###......
#.......#.########
#.####†###.##
#.##..## ##.#
#.##.#.###.##


You could see Duvessa (berserk).

Vanquished Creatures
  Dowan (D:4)
  An orc priest (D:3)
  An iguana (D:4)
  An orc wizard (D:3)
  3 gnolls (D:3)
  5 adders
  4 dart slugs
  A ribbon worm (D:3)
  8 orcs (D:3)
  4 ball pythons
  8 bats
  7 endoplasms
  5 giant cockroaches
  5 goblins
  8 hobgoblins
  6 jackals
  2 quokkas (D:1)
  4 frilled lizards
  6 kobolds
  6 rats
86 creatures vanquished.

Notes
Turn   | Place    | Note
-------+----------+-------------------------------------------
     0 | D:1      | Buffagor the Merfolk Shapeshifter began the quest for the
                  | Orb.
     0 | D:1      | Reached XP level 1. HP: 15/15 MP: 1/1
   109 | D:1      | Reached XP level 2. HP: 12/21 MP: 2/2
   166 | D:1      | Found a faded altar of an unknown god.
   221 | D:1      | Reached skill level 4 in Unarmed Combat
   518 | D:1      | Reached XP level 3. HP: 26/26 MP: 3/3
  1036 | D:2      | Reached XP level 4. HP: 21/32 MP: 4/4
  1510 | D:3      | Reached skill level 5 in Unarmed Combat
  1539 | D:3      | Reached skill level 5 in Shapeshifting
  1625 | D:3      | Reached XP level 5. HP: 32/37 MP: 5/5
  2172 | D:3      | Reached skill level 6 in Unarmed Combat
  2177 | D:3      | Found a glowing silver altar of Zin.
  2178 | D:3      | Noticed an angel
  2806 | D:4      | Found a staircase to the Ecumenical Temple.
  2824 | D:4      | Reached XP level 6. HP: 37/43 MP: 4/6
  2833 | Temple   | Entered the Ecumenical Temple
  3029 | D:4      | Found an ancient bone altar of Kikubaaqudgha.
  3142 | D:4      | Noticed Dowan
  3142 | D:4      | Noticed Duvessa
  3148 | D:4      | Killed Dowan
  3157 | D:4      | Mangled by Duvessa

Illustrated notes

Levels and vault maps discovered:
D:1:      matt_arrival_diagonals, layout_loops_ring,
          ebering_ecumenical_altar_box, nrook_uturn
D:2:      layout_basic
D:3:      layout_basic, zin_angel, kennysheep_another_room
D:4:      layout_loops_ring, lemuel_doored_altar, makhleb_altar_promises_db,
          minmay_temple_entry_waves, uniq_duvessa
Temple:   hellmonk_temple_micro_hex

Skill      XL: |  1  2  3  4  5 |
---------------+----------------+-----
Unarmed Combat | 4 5 6 |  6.5
Shapeshifting  | 5 |  5.9
Fighting       | |  1.1
Dodging        | |  2.6

Action                     |  1- 3 |  4- 6 || total
---------------------------+-------+-------++-------
  Melee: Unarmed           |    87 |   119 ||   206
         Punch             |     1 |     4 ||     5
   Fire: Sling             |       |    27 ||    27
  Throw: Stone             |    13 |    15 ||    28
Ability: Begin Untransform |       |     1 ||     1
    Use: Scroll            |       |     3 ||     3
         Potion            |       |     1 ||     1
   Stab: Sleeping          |     2 |     1 ||     3
 Armour: Animal skin       |    49 |    60 ||   109
         Skin              |       |    16 ||    16
  Dodge: Dodged            |    57 |    51 ||   108
   Form: Beast             |       |     1 ||     1
